 Dungeon Crawl Stone Soup version 0.28.0-45-g0d030f2227 (webtiles) character file.

Game seed: 15740677297600101633

53 zeratav the Insei (level 3, -4/24 HPs)
             Began as an Octopode Transmuter on Apr 5, 2022.
             Slain by a goblin
             ... wielding a +0 club
              (5 damage)
             ... on level 2 of the Dungeon.
             The game lasted 00:02:57 (1761 turns).

zeratav the Insei (Octopode Transmuter)             Turns: 1761, Time: 00:02:58

Health: -4/24      AC:  1    Str: 11    XL:     3   Next: 87%
Magic:  6/6        EV: 13    Int: 15    God:
Gold:   58         SH:  0    Dex: 12    Spells: 5/6 levels left

rFire   . . .      SeeInvis .   a - +0 rapier
rCold   . . .      Faith    .   (no shield)
rNeg    . . .      Spirit   .   (helmet restricted)
rPois   .          Reflect  .   (no amulet)
rElec   .          Harm     .   (no ring)
rCorr   .          Rampage  .   (no ring)
Will    .....                   (no ring)
Stlth   ++........              (no ring)
HPRegen 0.08/turn               (no ring)
MPRegen 0.10/turn               (no ring)
                                (no ring)
                                (no ring)

@: no status effects
A: almost no armour, amphibious, 8 rings, camouflage 1, gelatinous body 1,
(nimble swimmer 1), tentacles
a: no special abilities


You were on level 2 of the Dungeon.
You visited 1 branch of the dungeon, and saw 2 of its levels.

You collected 58 gold pieces.

Inventory:

Hand Weapons
 a - a +0 rapier (weapon)
Jewellery
 d - a +6 ring of strength
Scrolls
 b - a scroll of silence {unknown}
 c - a scroll of magic mapping {unknown}


   Skills:
 * Level 2.0 Fighting
 * Level 2.6 Dodging
 * Level 3.4 Unarmed Combat
 - Level 2.0 Spellcasting
 + Level 2.2 Transmutations
 + Level 1.0 Ice Magic


You had 5 spell levels left.
You knew the following spells:

 Your Spells              Type           Power      Damage    Failure   Level
a - Beastly Appendage     Tmut           16%        N/A       9%          1

Your spell library contained the following spells:

 Spells                   Type           Power      Damage    Failure   Level
 Wereblood                Tmut           8%         N/A       14%         2
 Spider Form              Tmut/Pois      4%         N/A       38%         3
 Ice Form                 Ice/Tmut       6%         N/A       75%         4


Dungeon Overview and Level Annotations

Branches:
Dungeon (2/15)

Altars:


Innate Abilities, Weirdness & Mutations

You cannot wear most types of armour.
You are amphibious.
You can wear up to eight rings at the same time.
Your skin changes colour to match your surroundings (Stealth+).
Your rubbery body absorbs attacks. (AC +1, EV +1)
((You are camouflaged when in or above water. (Stealth+)))
You have tentacles for arms and can constrict up to eight enemies at once.


Message History

You hit the gnoll but do no damage. You grab the gnoll.
You constrict the gnoll, but do no damage.
The gnoll hits you from afar with a +0 spear.
The gnoll misses you.
The gnoll hits you from afar with a +0 spear of freezing.
The gnoll freezes you. The gnoll barely misses you.
You hit the gnoll.
The gnoll is moderately wounded.
You constrict the gnoll. The gnoll misses you.
The gnoll hits you from afar with a +0 spear of freezing!
The gnoll freezes you. The gnoll barely misses you.
You are too injured to fight recklessly!
You are too injured to fight recklessly!
You are too injured to fight recklessly!
You are too injured to fight recklessly!
You are too injured to fight recklessly!
You are too injured to fight recklessly!
You are too injured to fight recklessly!
You are too injured to fight recklessly!
You release your grip on the gnoll.
You hit the gnoll but do no damage. Your grab misses the gnoll.
You squeeze the gnoll, but do no damage.
The gnoll is moderately wounded.
The gnoll closely misses you. x2
You hit the gnoll. Your grab misses the gnoll.
The gnoll is moderately wounded.
The gnoll closely misses you.
A goblin and a kobold come into view.
The goblin shouts!
The gnoll barely misses you.
You hit the goblin but do no damage. Your grab misses the goblin.
You squeeze the goblin, but do no damage.
The gnoll misses you. The gnoll barely misses you.
The goblin closely misses you. The frilled lizard closely misses you.
The gnoll hits you but does no damage. The gnoll hits you with a +0 whip.
* * * LOW HITPOINT WARNING * * *
The frilled lizard bites you.
* * * LOW HITPOINT WARNING * * *
The goblin hits you with a +0 club.
You die...

.... ##.<... .......
#.#.K## . # ## #.....#
#..#.#. #.....#
.#.....####g....#
.......ggl@.....#
.#....##gg....###
#.#......[.#...##
...............##
......#..........#########
#.................##.......
###
#....###..........##.......
..## ......
#.....####..........
...##.... #.#...#
####.......


You could see 4 gnolls, a goblin, a kobold and a frilled lizard.

Vanquished Creatures
  A worm (D:2)
  3 dart slugs
  A ball python (D:1)
  4 bats (D:1)
  7 endoplasms (D:1)
  4 goblins
  3 hobgoblins
  4 jackals (D:1)
  6 kobolds
  A frilled lizard (D:2)
  5 rats
39 creatures vanquished.

Notes
Turn   | Place    | Note
-------+----------+-------------------------------------------
     0 | D:1      | zeratav the Octopode Transmuter began the quest for the
                  | Orb.
     0 | D:1      | Reached XP level 1. HP: 13/13 MP: 3/3
   408 | D:1      | Reached XP level 2. HP: 17/18 MP: 3/5
   805 | D:1      | Reached XP level 3. HP: 22/24 MP: 6/6
  1479 | D:2      | Identified the +0 robe "Panwem" {Stlth+}
  1661 | D:2      | Reached skill level 1 in Ice Magic
  1695 | D:2      | Identified the +2 pair of gloves "Rauchydu" {Int-4 Dex+6}
  1761 | D:2      | HP: 1/24 [frilled lizard (2)]
  1761 | D:2      | Slain by a goblin

Illustrated notes

Levels and vault maps discovered:
D:1:      psy_arrival_basics, layout_loops_ring
D:2:      layout_rooms

Skill      XL: |  1  2  3 |
---------------+----------+-----
Fighting       | 2 |  2.0
Ice Magic      | 1 |  1.0
Dodging        | |  2.6
Unarmed Combat | |  3.4
Spellcasting   | |  2.0
Transmutations | |  2.2

Action                   || total
-------------------------++-------
Melee: Unarmed           ||     8
       Rapier            ||    65
       Constrict         ||    19
       Tentacles         ||    14
       Kick              ||    14
       Punch             ||     3
 Cast: Beastly Appendage ||    26
 Stab: Sleeping          ||     5
Armor: Skin              ||    10
Dodge: Dodged            ||    76
